 Dungeon Crawl Stone Soup version 0.22-a0-880-gb7b0c8b (webtiles) character file.

11480 prawnwizard the Basher (level 11, -3/89 HPs)
             Began as a Demonspawn Gladiator on July 30, 2018.
             Was an Elder of Makhleb.
             Slain by a freezing wraith (18 damage)
             ... led by a death knight
             ... on level 11 of the Dungeon.
             The game lasted 00:22:02 (13011 turns).

prawnwizard the Basher (Demonspawn Gladiator)      Turns: 13011, Time: 00:22:03

Health: -3/89      AC: 11    Str: 19    XL:     11   Next: 49%
Magic:  0/11       EV: 14    Int:  9    God:    Makhleb [****..]
Gold:   479        SH:  0    Dex: 19    Spells: 10/10 levels left

rFire    + . .     SeeInvis .   l - +2 whip (venom)
rCold    . . .     Gourm    .   (no shield)
rNeg     . . .     Faith    .   p - +0 chain mail
rPois    .         Spirit   +   s - +1 hat
rElec    .         Reflect  .   H - +0 cloak
rCorr    .         Harm     .   K - +0 pair of gloves
MR       .....                  (no boots)
Stlth    ..........             z - amulet of guardian spirit
HPRegen  0.24/turn              (no ring)
MPRegen  0.12/turn              q - +5 ring of dexterity

@: slowed, very slow
A: antennae 1, fire resistance 1, powered by death 1, flame cloud immunity,
sturdy frame 1
a: Minor Destruction, Lesser Servant of Makhleb, Major Destruction, Renounce
Religion


You were on level 11 of the Dungeon.
You worshipped Makhleb.
Makhleb was greatly pleased with you.
You were not hungry.

You visited 1 branch of the dungeon, and saw 11 of its levels.

You collected 479 gold pieces.

Inventory:

Hand Weapons
 a - a +0 flail
 b - a cursed +3 morningstar
 l - a +2 whip of venom (weapon)
 u - a +0 whip of flaming
 v - a +0 dire flail of protection
Missiles
 d - 2 throwing nets (quivered)
Armour
 g - a +0 troll leather armour
 p - a +0 chain mail (worn)
 s - a +1 hat (worn)
 H - a +0 cloak (worn)
 K - a +0 pair of gloves (worn)
Jewellery
 j - an uncursed ring of magical power
 o - an uncursed ring of flight
 q - a +5 ring of dexterity (right hand)
 z - an amulet of guardian spirit (around neck)
 I - an uncursed ring of resist corrosion {unknown}
Wands
 c - a wand of disintegration (21)
 y - a wand of paralysis (8)
 C - a wand of polymorph (15)
Scrolls
 h - 7 scrolls of identify
 k - 3 scrolls of magic mapping
 m - 5 scrolls of teleportation
 w - 2 scrolls of enchant armour
 x - 5 scrolls of remove curse
 B - a scroll of fear {unknown}
 D - a scroll of torment {unknown}
 F - a scroll of holy word {unknown}
 J - a scroll of immolation {unknown}
 N - a scroll of summoning {unknown}
Potions
 e - 4 potions of haste
 i - 2 potions of flight {unknown}
 n - a potion of mutation
 r - 2 potions of heal wounds
 t - a potion of brilliance
 A - a potion of invisibility {unknown}
 E - 3 potions of curing
 G - 2 potions of might {unknown}
 L - a potion of resistance {unknown}
Comestibles
 f - 24 rations
 M - 20 chunks of flesh


   Skills:
 + Level 9.5 Fighting
 * Level 12.0 Maces & Flails
 - Level 1.7 Throwing
 + Level 9.0 Dodging


You had 10 spell levels left.
You didn't know any spells.
Your spell library contained the following spells:

 Spells                   Type           Power        Failure   Level  Hunger
 Magic Dart               Conj           #...         96%         1    ##.....
 Fireball                 Conj/Fire      #.........   100%        5    ######.
 Apportation              Tloc           #.....       96%         1    ##.....
 Conjure Flame            Conj/Fire      #.......     100%        3    ####...
 Slow                     Hex            #.......     99%         2    ###....
 Throw Flame              Conj/Fire      #.....       99%         2    ###....
 Mephitic Cloud           Conj/Pois/Air  #.......     100%        3    ####...
 Summon Small Mammal      Summ           #...         96%         1    ##.....
 Blink                    Tloc           N/A          99%         2    ###....
 Iskenderun's Mystic Bla  Conj           #.......     100%        4    #####..
 Animate Dead             Necr           N/A          100%        4    #####..
 Pain                     Necr           #...         96%         1    ##.....
 Animate Skeleton         Necr           N/A          96%         1    ##.....
 Vampiric Draining        Necr           #.........   100%        3    ####...
 Sticky Flame             Conj/Fire      #.......     100%        4    #####..
 Call Imp                 Summ           #.......     99%         2    ###....
 Regeneration             Chrm/Necr      #.........   100%        3    ####...
 Confusing Touch          Hex            #.....       96%         1    ##.....
 Flame Tongue             Conj/Fire      #....        96%         1    ##.....
 Shroud of Golubria       Chrm/Tloc      #.........   99%         2    ###....
 Inner Flame              Hex/Fire       #.......     100%        3    ####...
 Fulminant Prism          Conj/Hex       #.........   100%        4    #####..
 Dazzling Spray           Conj/Hex       #.....       100%        3    ####...
 Force Lance              Conj/Tloc      #.......     100%        4    #####..
 Infusion                 Chrm           #...         96%         1    ##.....
 Song of Slaying          Chrm           #.......     99%         2    ###....
 Spectral Weapon          Hex/Chrm       #.......     100%        3    ####...
 Searing Ray              Conj           #.....       99%         2    ###....


Dungeon Overview and Level Annotations

Branches:
Dungeon (11/15)            Temple (0/1) D:6             Orc (0/2) D:9
   Lair: D:8-11

Altars:
Elyvilon
Makhleb
Nemelex Xobeh
Sif Muna
The Shining One

Shops:
D:5 }

Annotations:
D:5 3 runed doors, hotbaconsauce's ghost, novice GrMo


Innate Abilities, Weirdness & Mutations

You have a pair of small antennae on your head.
Your flesh is heat resistant. (rF+)
You regenerate a little health from kills.
You are immune to clouds of flame.
Your movements are slightly less encumbered by armour. (ER -2)


Message History

The freezing wraith closely misses you. The freezing wraith hits you.
The freezing wraith hits you. The freezing wraith freezes you!!
* * * LOW HITPOINT WARNING * * *
The freezing wraith closely misses you. The wraith hits you.
* * * LOW HITPOINT WARNING * * *
Throwing (i - inventory)
d - 3 throwing nets (quivered)
Press: ? - help, Shift-Dir - straight line, f - freezing wraith
Aim: a freezing wraith (lightly damaged, immune to nets)
You throw a throwing net.
The throwing net hits the freezing wraith.
The net passes right through the freezing wraith!
The freezing wraith is lightly damaged.
The freezing wraith hits you but does no damage.
The freezing wraith barely misses you.
The freezing wraith hits you but does no damage. x2
The death knight offers itself to Yredelemnul, and fills with unholy energy.
The freezing wraith hits you.
* * * LOW HITPOINT WARNING * * *
The freezing wraith freezes you!!
You die...

########## #........#
#........# #........##
#.......... #......Y.#
<..##########..#######
#...<.@W.KWW.####
##########p.....#
#.####.# #.# #.###
###.# #W>.# #...#
###K# #<#####.### #p.#
#.....#.# ##W..
#########.#.######
##?..


You could see a death knight, a freezing wraith, 2 wraiths and a kobold.

Vanquished Creatures
  2 two-headed ogres (D:9)
  A tengu warrior (D:10)
  An unseen horror (D:10)
  Pikel (D:5)
  A cyclops (D:10)
  A troll (D:10)
  A hornet (D:6)
  2 hippogriffs
  Sigmund (D:5)
  4 yaks (D:11)
  2 wyverns
  Eustachio (D:3)
  Menkaure (D:6)
  Edmund (D:5)
  A water moccasin (D:10)
  Duvessa (D:6)
  2 orc warriors (D:10)
  5 ice beasts
  2 sky beasts
  2 black bears
  A necrophage (D:6)
  An eye of draining (D:9)
  2 phantoms
  2 ogres
  7 centaurs
  A crocodile (D:9)
  A gnoll sergeant (D:10)
  10 bullfrogs
  2 scorpions
  Dowan (D:6)
  16 killer bees
  7 wights
  6 crimson imps
  2 bullfrog zombies
  7 hounds
  A jelly (D:7)
  3 quasits
  8 orc priests
  Crazy Yiuf (D:4)
  4 orc wizards
  A centaur skeleton (D:8)
  Ijyb (D:4)
  6 iguanas
  15 worker ants
  Terence (D:3)
  2 hound skeletons
  2 howler monkey zombies
  11 adders
  7 gnolls
  A shadow imp (D:8)
  An ooze (D:7)
  An adder skeleton (D:6)
  6 worms
  A dart slug (D:1)
  7 leopard geckos
  15 orcs
  5 giant cockroaches
  4 goblins
  7 hobgoblins
  18 jackals
  6 quokkas
  2 ball pythons
  5 bats
  2 frilled lizards (D:1)
  8 kobolds
  2 quokka skeletons
  4 rats
257 creatures vanquished.

Vanquished Creatures (others)
  A slave (D:5)
  A quokka (D:5)
  7 plants (D:11)
9 creatures vanquished.

Grand Total: 266 creatures vanquished

Notes
Turn   | Place    | Note
-------+----------+-------------------------------------------
     0 | D:1      | prawnwizard the Demonspawn Gladiator began the quest for the Orb.
     0 | D:1      | Reached XP level 1. HP: 16/16 MP: 1/1
   275 | D:1      | Reached skill level 3 in Maces & Flails
   276 | D:1      | Gained mutation: Your flesh is heat resistant. (rF+) [demonic ancestry]
   276 | D:1      | Reached XP level 2. HP: 1/22 MP: 2/2
  1247 | D:2      | Gained mutation: You regenerate a little health from kills. [demonic ancestry]
  1247 | D:2      | Reached XP level 3. HP: 28/28 MP: 3/3
  1390 | D:2      | Found a deep blue altar of Sif Muna.
  1508 | D:2      | Gained mutation: You have a pair of small antennae on your head. [demonic ancestry]
  1508 | D:2      | Reached XP level 4. HP: 17/34 MP: 4/4
  1884 | D:2      | Reached skill level 4 in Maces & Flails
  2124 | D:3      | Noticed Terence
  2141 | D:3      | Killed Terence
  2141 | D:3      | Reached XP level 5. HP: 40/41 MP: 5/5
  2442 | D:3      | Noticed an ice beast
  2462 | D:3      | Killed an ice beast
  2685 | D:3      | Found a glowing golden altar of the Shining One.
  2737 | D:3      | Found a burning altar of Makhleb.
  2745 | D:3      | Reached XP level 6. HP: 45/47 MP: 6/6
  2754 | D:3      | Became a worshipper of Makhleb the Destroyer
  2799 | D:4      | Noticed Eustachio
  2957 | D:3      | Killed Eustachio
  2957 | D:3      | Reached skill level 5 in Maces & Flails
  3506 | D:4      | Reached XP level 7. HP: 31/54 MP: 7/7
  4154 | D:4      | Found a runed door.
  4255 | D:4      | Reached skill level 6 in Maces & Flails
  4421 | D:4      | Noticed Crazy Yiuf
  4427 | D:4      | Killed Crazy Yiuf
  4524 | D:5      | Entered Level 5 of the Dungeon
  4524 | D:5      | Noticed Ijyb
  4524 | D:5      | Noticed Pikel
  4540 | D:4      | Killed Ijyb
  4545 | D:5      | Noticed Edmund
  4559 | D:5      | Killed Pikel
  4559 | D:5      | Reached skill level 5 in Fighting
  4559 | D:5      | Reached skill level 7 in Maces & Flails
  4559 | D:5      | Reached skill level 5 in Dodging
  4559 | D:5      | Gained mutation: You are immune to clouds of flame. [demonic ancestry]
  4559 | D:5      | Reached XP level 8. HP: 52/62 MP: 8/8
  4583 | D:5      | Killed Edmund
  4787 | D:5      | Found a runed gate.
  4787 | D:5      | Found a runed gate.
  4787 | D:5      | Found a runed gate.
  4787 | D:5      | Noticed hotbaconsauce's ghost (novice GrMo)
  4815 | D:5      | Found a glowing golden altar of the Shining One.
  4945 | D:5      | Found Voffif's Gadget Shop.
  4955 | D:5      | Found a white marble altar of Elyvilon.
  5579 | D:5      | Noticed Sigmund
  5595 | D:5      | Killed Sigmund
  5595 | D:5      | Reached skill level 8 in Maces & Flails
  5828 | D:6      | Noticed Dowan
  5845 | D:6      | Killed Dowan
  5845 | D:6      | Reached XP level 9. HP: 44/67 MP: 9/9
  5899 | D:6      | Noticed Duvessa
  5925 | D:6      | Killed Duvessa
  6034 | D:6      | Reached * piety under Makhleb
  6332 | D:6      | Found a staircase to the Ecumenical Temple.
  6479 | D:6      | Paralysed by an orc for 3 turns
  6620 | D:6      | Noticed Menkaure
  6637 | D:6      | Killed Menkaure
  7198 | D:6      | Paralysed by a hornet for 3 turns
  7203 | D:6      | Reached skill level 9 in Maces & Flails
  7791 | D:7      | Reached ** piety under Makhleb
  8096 | D:7      | Reached XP level 10. HP: 73/79 MP: 10/10
  8219 | D:7      | Found a sparkling altar of Nemelex Xobeh.
  8943 | D:8      | Reached skill level 10 in Maces & Flails
  9831 | D:8      | Reached *** piety under Makhleb
 10113 | D:9      | Noticed a two-headed ogre
 10129 | D:9      | Killed a two-headed ogre
 10223 | D:9      | Found a staircase to the Orcish Mines.
 10389 | D:10     | Entered Level 10 of the Dungeon
 10465 | D:9      | Reached skill level 11 in Maces & Flails
 10789 | D:9      | Noticed a two-headed ogre
 10836 | D:9      | Killed a two-headed ogre
 11093 | D:9      | Gained mutation: Your movements are slightly less encumbered by armour. (ER -2) [demonic ancestry]
 11093 | D:9      | Reached XP level 11. HP: 81/87 MP: 4/11
 11345 | D:10     | Killed an unseen horror
 12527 | D:10     | Reached **** piety under Makhleb
 12623 | D:10     | Noticed a tengu warrior
 12645 | D:10     | Killed a tengu warrior
 12953 | D:11     | Reached skill level 12 in Maces & Flails
 12991 | D:11     | Noticed a death knight
 13011 | D:11     | Slain by a freezing wraith

Vault maps used:
D:1:      scummos_arrival_simple_fountains, minmay_fountain_box
D:2:      led_sif_pool
D:3:      lemuel_crystal_altar, minmay_misc_feat_columns,
          makhleb_blood_cavern_becter, uniq_terence
D:4:      uniq_eustachio, uniq_crazy_yiuf_cottage
D:5:      elyvilon_altar_4, gammafunk_ghost_nasty_kobolds, serial_shops, shop,
          first_ration, nicolae_tso_carved_into_rock, uniq_ijyb, uniq_edmund,
          uniq_pikel, uniq_sigmund
D:6:      minmay_temple_entry_mist, nicolae_ossuary_entry_false_entrances,
          uniq_menkaure, uniq_duvessa
D:7:      minmay_misc_feat_tower, nemelex_dance_club_becter
D:9:      orc_0_dummy, hangedman_decor_growths
D:10:     wad_guarded_room, grunt_tengu_nest
D:11:     david_lair_shrubbed

Skill      XL: |  1  2  3  4  5  6  7  8  9 10 11 |
---------------+----------------------------------+-----
Maces & Flails | 3 4 5 7 8 9 11 12 | 12.0
Dodging        | 3 4 5 6 7 8 9 |  9.0
Fighting       | 3 4 5 6 7 8 9 |  9.5
Throwing       | |  1.7

Action                   |  1- 3 |  4- 6 |  7- 9 | 10-12 || total
-------------------------+-------+-------+-------+-------++-------
Melee: Flail             |    47 |       |       |       ||    47
       Whip              |    64 |   155 |   527 |   772 ||  1518
Throw: Throwing net      |       |       |       |     1 ||     1
  Use: Scroll            |     3 |       |     7 |       ||    10
       Potion            |     1 |       |     1 |       ||     2
 Stab: Sleeping          |     1 |     1 |       |       ||     2
  Eat: Chunk             |     2 |     6 |    15 |    16 ||    39
Armor: Leather armour    |     8 |       |       |       ||     8
       Troll leather arm |    17 |    27 |       |       ||    44
       Chain mail        |       |     1 |   181 |   188 ||   370
Dodge: Dodged            |    48 |   104 |   225 |   303 ||   680

Table legend:
 A = Spawn XP
 B = Non-spawn XP
 C = Spawn XP percentage of total XP
 D = Spawn monster count
 E = Non-spawn monster count
 F = Spawn count percentage of total count
 G = Total turns spent on level
                    A         B        C        D         E        F      G
               +---------+---------+-------+---------+---------+-------+---------
         Total |       0 |   16400 |   0.0 |       0 |     257 |   0.0 | 13011
               +---------+---------+-------+---------+---------+-------+---------
           D:1 |       0 |      27 |   0.0 |       0 |      15 |   0.0 |  1227
           D:2 |       0 |     147 |   0.0 |       0 |      28 |   0.0 |   855
           D:3 |       0 |     524 |   0.0 |       0 |      19 |   0.0 |  1403
           D:4 |       0 |     520 |   0.0 |       0 |      13 |   0.0 |  1055
           D:5 |       0 |    1429 |   0.0 |       0 |      11 |   0.0 |  1180
           D:6 |       0 |    1539 |   0.0 |       0 |      30 |   0.0 |  1575
           D:7 |       0 |    1777 |   0.0 |       0 |      36 |   0.0 |  1554
           D:8 |       0 |    1685 |   0.0 |       0 |      39 |   0.0 |  1256
           D:9 |       0 |    3366 |   0.0 |       0 |      28 |   0.0 |  1103
          D:10 |       0 |    4418 |   0.0 |       0 |      31 |   0.0 |  1661
          D:11 |       0 |     968 |   0.0 |       0 |       7 |   0.0 |   142
               +---------+---------+-------+---------+---------+-------+---------
